 Dungeon Crawl Stone Soup version 0.31-a0-524-g2a164cf6a2 (webtiles) character file.

Game seed: 10129143287177185463

65 AdnanSaban the Covered (level 4, -1/28 HPs)
             Began as a Gargoyle Fighter on Aug 12, 2023.
             Slain by a goblin
             ... wielding a +0 club
             ... led by Robin
              (3 damage)
             ... on level 3 of the Dungeon.
             The game lasted 00:01:45 (1338 turns).

AdnanSaban the Covered (Gargoyle Fighter)           Turns: 1338, Time: 00:01:46

Health: -1/28      AC: 15    Str: 21    XL:     4   Next: 14%
Magic:  4/4        EV:  9    Int:  9    God:
Gold:   99         SH:  4    Dex:  9    Spells: 3/3 levels left

rFire   . . .        a - +0 flail
rCold   . . .        c - +0 buckler
rNeg    + . .        b - +0 scale mail
rPois   ∞            l - +2 helmet
rElec   +            e - +0 cloak
rCorr   .            (no gloves)
SInv    .            (no boots)
Will    .....        (no amulet) Stlth
                     (no ring)
HPRegen 0.24/turn    (no ring)
MPRegen 0.09/turn

%: no passive effects
@: no status effects
A: sickness immunity, AC +3, negative energy resistance 1, electricity
resistance, torment resistance 1, petrification resistance
a: no special abilities


You were on level 3 of the Dungeon.
You visited 1 branch of the dungeon, and saw 3 of its levels.

You collected 99 gold pieces.

Inventory:

Hand Weapons
 a - a +0 flail (weapon)
Armour
 b - a +0 scale mail (worn)
 c - a +0 buckler (worn)
 e - a +0 cloak (worn)
 l - a +2 helmet (worn)
Jewellery
 g - a +6 ring of intelligence
Scrolls
 f - 2 scrolls of identify {unknown}
 i - 2 scrolls of teleportation {unknown}
 m - a scroll of poison {unknown}
Potions
 d - 3 potions of might
 h - 2 potions of degeneration {unknown}
 j - a potion of heal wounds {unknown}
 k - a potion of curing {unknown}


   Skills:
 + Level 3.6 Fighting
 + Level 3.1 Maces & Flails
 + Level 3.9 Armour
 + Level 0.2 Dodging
 + Level 3.7 Shields


You had 3 spell levels left.
You didn't know any spells.
Your spell library contained the following spells:

 Spells                   Type           Power      Damage    Failure   Level
 Magic Dart               Conj           0%         1d3       80%         1
 Searing Ray              Conj           0%         2d4       90%         2
 Fulminant Prism          Conj/Hex       0%         3d5       100%        4


Dungeon Overview and Level Annotations

Branches:
Dungeon (3/15)

Altars:
Hepliaklqana


Innate Abilities, Weirdness & Mutations

You are immune to sickness and miasma.
Your stone body is resilient. (AC +3)
You are immune to poison.
You resist negative energy. (rN+)
You are resistant to electric shocks. (rElec)
You are resistant to unholy torment.
You are immune to petrification.


Message History

Robin is heavily wounded.
The goblin hits you but does no damage. x2
You barely miss Robin.
Robin is heavily wounded.
The goblin hits you but does no damage. Robin barely misses you.
The goblin barely misses you.
You hit Robin.
Robin is heavily wounded.
The goblin hits you but does no damage. Robin barely misses you.
The goblin hits you but does no damage. x2; The goblin closely misses you.
Robin hits you but does no damage.
You hit Robin but do no damage.
Robin is heavily wounded.
The goblin hits you with a +0 club. The goblin hits you but does no damage.
You hit Robin.
Robin is severely wounded.
The goblin hits you but does no damage. The goblin closely misses you.
Robin hits you but does no damage.
You hit Robin but do no damage.
Robin is severely wounded.
You block the goblin's attack. Robin closely misses you.
The goblin barely misses you.
You hit Robin but do no damage.
Robin is severely wounded.
The goblin hits you with a +0 club. You block Robin's attack.
The goblin closely misses you. The goblin hits you with a +0 club.
* * * LOW HITPOINT WARNING * * *
The goblin hits you but does no damage.
You barely miss Robin.
Robin is severely wounded.
The goblin hits you but does no damage.
Robin says, "My goblins will feast on your bones."
Robin closely misses you. The goblin hits you with a +0 club.
* * * LOW HITPOINT WARNING * * *
You thump Robin!
You kill Robin!
The goblin hits you with a +0 club.
* * * LOW HITPOINT WARNING * * *
The goblin hits you with a +0 club.
You die... .. #.## . ...##. ..... $..# gg#

# ##)#
#.#.#)######.#
#...g@g.....#
#############


You could see 2 goblins.

Vanquished Creatures
  Robin (D:3)
  2 adders (D:2)
  2 dart slugs (D:1)
  2 endoplasms (D:2)
  A giant cockroach (D:1)
  11 goblins
  3 hobgoblins
  6 kobolds
  A quokka (D:1)
  5 ball pythons
  4 bats (D:2)
  2 frilled lizards
  4 rats
44 creatures vanquished.

Notes
Turn   | Place    | Note
-------+----------+-------------------------------------------
     0 | D:1      | AdnanSaban the Gargoyle Fighter began the quest for the
                  | Orb.
     0 | D:1      | Reached XP level 1. HP: 14/14 MP: 1/1
   194 | D:1      | Reached XP level 2. HP: 19/19 MP: 2/2
   628 | D:1      | Found a faded altar of an unknown god.
   872 | D:2      | Reached XP level 3. HP: 23/23 MP: 3/3
   987 | D:2      | Found a hazy altar of Hepliaklqana.
  1294 | D:3      | Noticed Robin
  1295 | D:3      | Reached XP level 4. HP: 28/28 MP: 4/4
  1338 | D:3      | Killed Robin
  1338 | D:3      | Slain by a goblin

Illustrated notes

Levels and vault maps discovered:
D:1:      dpeg_arrival_signposts, layout_basic,
          dreamdust_ecumenical_altar_hidden_monk_grotto
D:2:      layout_rooms, basic_altar, minmay_surrounded
D:3:      layout_loops_ring, amcnicky_mini_pool_small, uniq_terence, uniq_robin

Skill      XL: |  1  2  3 |
---------------+----------+-----
Maces & Flails | 3 |  3.1
Fighting       | |  3.6
Armour         | |  3.9
Dodging        | |  0.2
Shields        | |  3.7

Action                     |  1- 3 |  4- 6 || total
---------------------------+-------+-------++-------
  Melee: Flail             |   108 |    43 ||   151
 Armour: Scale mail        |    77 |    50 ||   127
  Dodge: Dodged            |    59 |    38 ||    97
  Block: Buckler           |    29 |    13 ||    42

Table legend: (Time is in decaauts)
 A = Elapsed time spent in this place.
 B = Non-inter-level travel time spent in this place.
 C = Inter-level travel time spent in this place.
 D = Time resting spent in this place.
 E = Time spent auto-exploring this place.
 F = Levels seen in this place.
 G = Mean time per level.
                   A        B        C        D        E       F      G
               +--------+--------+--------+--------+--------+-----+--------+
         Total |   1381 |   1346 |     35 |      0 |   1031 |   3 |  460.3 |
       Dungeon |   1381 |   1346 |     35 |      0 |   1031 |   3 |  460.3 |
               +--------+--------+--------+--------+--------+-----+--------+

Top non-repeatable levels by time:
     D:1: 881 daAuts
     D:2: 428 daAuts
     D:3: 72 daAuts
